 Dungeon Crawl Stone Soup version 0.22-a0-284-g99d1f74 (webtiles) character file.

106 mhoghedin the Chiller (level 4, -1/38 HPs)
             Began as a Ghoul Ice Elementalist on Mar 20, 2018.
             Slain by a gnoll
             ... wielding a +0 whip
              (6 damage)
             ... on level 1 of the Dungeon.
             The game lasted 00:07:15 (3273 turns).

mhoghedin the Chiller (Ghoul Ice Elementalist)      Turns: 3273, Time: 00:07:16

Health: -1/38      AC:  2    Str: 11    XL:     4   Next: 84%
Magic:  1/5        EV: 12    Int: 11    God:
Gold:   117        SH:  0    Dex:  9    Spells: 2/6 levels left

rFire    . . .     SeeInvis +   q - -3 battleaxe (curse)
rCold    + . .     Gourm    .   (shield currently unavailable)
rNeg     + + +     Faith    .   a - +0 robe
rPois    ∞         Spirit   .   (no helmet)
rElec    .         Reflect  .   (no cloak)
rCorr    .         Harm     .   (no gloves)
MR       .....                  (no boots)
Stlth    ++........             (no amulet)
HPRegen  0.00/turn              o - ring of see invisible {sInv, !d}
MPRegen  0.09/turn              (no ring)

@: rotting
A: rotting body, claws 1, carnivore, cold resistance 1, negative energy
resistance 3, inhibited regeneration, torment resistance, unbreathing
a: no special abilities


You were on level 1 of the Dungeon.
You were not hungry.

You visited 1 branch of the dungeon, and saw 4 of its levels.

You collected 117 gold pieces.

Inventory:

Hand Weapons
 e - a +0 whip
   (You found it on level 1 of the Dungeon)
 q - a cursed -3 battleaxe (weapon)
   (You found it on level 3 of the Dungeon)
Missiles
 f - 7 tomahawks of returning (quivered)
 g - 4 curare-tipped needles
Armour
 a - a +0 robe (worn)
Jewellery
 j - an uncursed amulet of faith {Faith, !P}
   (You found it on level 2 of the Dungeon)
 m - a cursed ring of loudness {unknown}
   (You found it on level 3 of the Dungeon)
 o - a ring of see invisible (left claw) {sInv, !d}
   (You found it on level 3 of the Dungeon)
Wands
 h - a wand of random effects (12)
   (You found it on level 3 of the Dungeon)
Scrolls
 b - 2 scrolls of enchant armour
Potions
 d - a potion of curing {unknown}
 k - 3 potions of haste {unknown}
 l - 2 potions of flight {unknown}
 n - a potion of degeneration {unknown}
Comestibles
 c - 6 rations


   Skills:
 + Level 3.0 Fighting
 + Level 1.7 Maces & Flails
 + Level 1.4 Throwing
 - Level 1.7 Dodging
 - Level 2.1 Stealth
 - Level 1.9 Spellcasting
   Level 0.7 Conjurations
 - Level 3.4 Ice Magic


You had 2 spell levels left.
You knew the following spells:

 Your Spells              Type           Power        Failure   Level  Hunger
a - Freeze                Ice            #...         7%          1    ##.....
A - Ozocubu's Armour      Chrm/Ice       #.......     41%         3    ####...


Dungeon Overview and Level Annotations

Branches:
Dungeon (4/15)
 Temple: D:4-7

Altars:
Trog

Annotations:
D:4 exclusion: Blork the orc, Blork the orc


Innate Abilities, Weirdness & Mutations

Your body is rotting away.
You thrive on raw meat.
You are immune to poison.
You have sharp fingernails.
You are carnivorous and can eat meat at any time.
Your flesh is cold resistant. (rC+)
You are immune to negative energy. (rN+++)
You do not regenerate when monsters are visible.
You are immune to unholy pain and torment.
You can survive without breathing.


Message History

You see here a dagger.
A frilled lizard comes into view.
A frilled lizard is nearby!
A frilled lizard is nearby!
The frilled lizard hisses angrily.
The frilled lizard barely misses you.
You barely miss the frilled lizard. The frilled lizard bites you.
You take 2 damage, and have 36/38 hp.
You closely miss the frilled lizard. The frilled lizard closely misses you.
The frilled lizard bites you.
You take 1 damage, and have 35/38 hp.
You barely miss the frilled lizard.
The frilled lizard closely misses you. x2
You closely miss the frilled lizard.
The frilled lizard completely misses you.
You closely miss the frilled lizard. The frilled lizard bites you.
The frilled lizard closely misses you.
You take 1 damage, and have 34/38 hp.
You miss the frilled lizard. The frilled lizard barely misses you.
The frilled lizard bites you.
You take 3 damage, and have 31/38 hp.
You miss the frilled lizard. The frilled lizard bites you.
You take 2 damage, and have 29/38 hp.
You miss the frilled lizard. The frilled lizard bites you.
The frilled lizard barely misses you.
You take 1 damage, and have 28/38 hp.
You miss the frilled lizard.
The frilled lizard barely misses you. x2
You miss the frilled lizard. The frilled lizard barely misses you.
You miss the frilled lizard. The frilled lizard closely misses you.
The frilled lizard barely misses you.
You barely miss the frilled lizard. The frilled lizard misses you.
The frilled lizard bites you.
You take 2 damage, and have 26/38 hp.
You miss the frilled lizard. The frilled lizard bites you.
You take 2 damage, and have 24/38 hp.
You miss the frilled lizard. The frilled lizard closely misses you.
The frilled lizard barely misses you.
You barely miss the frilled lizard. The frilled lizard misses you.
The frilled lizard closely misses you.
You closely miss the frilled lizard. The frilled lizard misses you.
You closely miss the frilled lizard. The frilled lizard misses you.
The frilled lizard bites you.
You take 2 damage, and have 22/38 hp.
You miss the frilled lizard. The frilled lizard barely misses you.
The frilled lizard closely misses you.
You closely miss the frilled lizard. The frilled lizard bites you.
You take 2 damage, and have 20/38 hp.
You closely miss the frilled lizard. The frilled lizard bites you.
The frilled lizard bites you but does no damage.
You take 1 damage, and have 19/38 hp.
You miss the frilled lizard.
The frilled lizard unfolds its giant frill.
The frilled lizard closely misses you.
You barely miss the frilled lizard. The frilled lizard closely misses you.
The frilled lizard bites you.
You take 1 damage, and have 18/38 hp.
You closely miss the frilled lizard. The frilled lizard bites you.
The frilled lizard barely misses you.
You take 1 damage, and have 17/38 hp.
Aim: a frilled lizard You freeze the frilled lizard.
You kill the frilled lizard!
You now have 4/5 mp.
You see here a frilled lizard corpse.
You butcher the frilled lizard corpse.
i - 4 chunks of flesh {@w0} (gained 1)
You start resting.
Some of the chunks of flesh in your inventory have rotted away.
Health restored: 38; MP restored: 5
Okay, then.
Unknown command.
You feel your flesh rotting away.
Eating a chunk of flesh {@w0}.
You eat the chunk of flesh {@w0}.
You feel more resilient.
This raw flesh tastes great!
A gnoll comes into view. It is wielding a whip.
The gnoll shouts!
Aim: a gnoll, wielding a whip You freeze the gnoll.
The gnoll hits you with a whip.
You take 1 damage, and have 37/38 hp.
You now have 4/5 mp.
Aim: a gnoll, wielding a whip (lightly wounded)
You freeze the gnoll. The gnoll hits you with a whip.
You take 5 damage, and have 32/38 hp.
You now have 3/5 mp.
Aim: a gnoll, wielding a whip (moderately wounded)
You freeze the gnoll. The gnoll hits you with a whip!
You take 10 damage, and have 22/38 hp.
MASSIVE DAMAGE!!
You now have 2/5 mp.
Aim: a gnoll, wielding a whip (heavily wounded)
You freeze the gnoll. The gnoll barely misses you.
You now have 1/5 mp.
Aim: a gnoll, wielding a whip (severely wounded)
You freeze the gnoll. The gnoll hits you with a whip.
You take 6 damage, and have 16/38 hp.
You now have 0/5 mp.
You hit the gnoll but do no damage. The gnoll hits you with a whip.
* * * LOW HITPOINT WARNING * * *
The gnoll hits you with a whip.
* * * LOW HITPOINT WARNING * * *
You take 11 damage, and have 5/38 hp.
MASSIVE DAMAGE!!
The gnoll hits you with a whip.
You die...

#.........##.# #......##..##
#.........##.#######........
#.).........................
##.#.........#######........
######.######.###########.#.#÷##
#...........................#.##
#.####.######.#########.....#..#
#.######.#### #.#.#.....
#.........@.# #.#.#.#..#
########.##g# # ....#...
####.##.######## #. .#.
................
####.##.######## #.##.#
#.##.####### #...........
####........


You could see a gnoll.

Vanquished Creatures
  4 adders
  An ooze (D:3)
  A worm (D:2)
  3 dart slugs
  3 leopard geckos
  An orc (D:3)
  3 ball pythons
  2 giant cockroaches (D:1)
  7 goblins
  5 hobgoblins
  10 jackals
  2 kobolds
  2 frilled lizards (D:1)
  8 rats
52 creatures vanquished.

Notes
Turn   | Place    | Note
-------+----------+-------------------------------------------
     0 | D:1      | mhoghedin the Ghoul Ice Elementalist began the quest for the Orb.
     0 | D:1      | Reached XP level 1. HP: 14/14 MP: 2/2
    83 | D:1      | Reached skill level 1 in Fighting
    83 | D:1      | Reached XP level 2. HP: 16/23 MP: 3/3
   589 | D:1      | Reached skill level 2 in Fighting
   796 | D:1      | Reached XP level 3. HP: 19/29 MP: 1/4
   956 | D:1      | You fall through a shaft!
  1237 | D:2      | Reached skill level 1 in Maces & Flails
  1416 | D:2      | Found a bloodstained altar of Trog.
  1758 | D:2      | Learned a level 3 spell: Ozocubu's Armour
  1883 | D:3      | Reached XP level 4. HP: 21/37 MP: 0/5
  1990 | D:3      | Reached skill level 1 in Throwing
  2695 | D:3      | Reached skill level 3 in Fighting
  2785 | D:4      | Noticed Blork the orc
  3268 | D:1      | HP: 5/38 [gnoll/whip (5)]
  3273 | D:1      | Slain by a gnoll

Vault maps used:
D:1:      dpeg_arrival_erosion, grunt_decor_resistance, kennysheep_nondescript
D:2:      lemuel_coloured_pillars_altar
D:3:      first_ration, kennysheep_generic_room_6
D:4:      grunt_temple_overflow_forces_of_nature, serial_shops, shop,
          nicolae_shop_overgrown_old_shop, small_statue_alley_b, uniq_robin,
          uniq_blork_the_orc, uniq_duvessa

Skill      XL: |  1  2  3  4 |
---------------+-------------+-----
Fighting       | 1 2 3 |  3.0
Maces & Flails | 1 |  1.7
Throwing       | 1 |  1.4
Dodging        | |  1.7
Stealth        | |  2.1
Spellcasting   | |  1.9
Conjurations   | |  0.7
Ice Magic      | |  3.4

Action                   |  1- 3 |  4- 6 || total
-------------------------+-------+-------++-------
Melee: Unarmed           |     9 |       ||     9
       Whip              |    69 |    61 ||   130
       Battleaxe         |       |    47 ||    47
Throw: Tomahawk          |    16 |       ||    16
 Cast: Freeze            |    24 |    22 ||    46
  Use: Scroll            |       |     7 ||     7
 Stab: Sleeping          |       |     1 ||     1
  Eat: Chunk             |     6 |    10 ||    16
Armor: Robe              |     4 |    12 ||    16
Dodge: Dodged            |    62 |   102 ||   164

Table legend:
 A = Spawn XP
 B = Non-spawn XP
 C = Spawn XP percentage of total XP
 D = Spawn monster count
 E = Non-spawn monster count
 F = Spawn count percentage of total count
 G = Total turns spent on level
                    A         B        C        D         E        F      G
               +---------+---------+-------+---------+---------+-------+---------
         Total |       0 |     152 |   0.0 |       0 |      52 |   0.0 |  3273
               +---------+---------+-------+---------+---------+-------+---------
           D:1 |       0 |      48 |   0.0 |       0 |      25 |   0.0 |  1401
           D:2 |       0 |      30 |   0.0 |       0 |       8 |   0.0 |   919
           D:3 |       0 |      74 |   0.0 |       0 |      19 |   0.0 |   951
               +---------+---------+-------+---------+---------+-------+---------

Vault maps used:
D:1:      dpeg_arrival_erosion, grunt_decor_resistance, kennysheep_nondescript
D:2:      lemuel_coloured_pillars_altar
D:3:      first_ration, kennysheep_generic_room_6
D:4:      grunt_temple_overflow_forces_of_nature, serial_shops, shop,
          nicolae_shop_overgrown_old_shop, small_statue_alley_b, uniq_robin,
          uniq_blork_the_orc, uniq_duvessa

Table legend:
 A = Turns spent in this place as a percentage of turns spent in the entire game.
 B = Non-inter-level travel turns spent in this place as a percentage of non-inter-level travel turns spent in the entire game.
 C = Inter-level travel turns spent in this place as a percentage of turns spent in this place.
 D = Turns resting spent in this place as a percentage of non-inter-level travel turns spent in this place.
 E = Turns spent auto-exploring this place as a percentage of non-inter-level travel turns spent in this place.
 F = Non-inter-level travel turns spent in this place divided by the number of levels of this place that you've seen.
                   A       B       C       D       E      F
               +-------+-------+-------+-------+-------+----------------------
         Total | 100.0 | 100.0 |   2.8 |  38.6 |  43.7 | 795.0
       Dungeon | 100.0 | 100.0 |   2.8 |  38.6 |  43.7 | 795.0
               +-------+-------+-------+-------+-------+----------------------

Table legend:
 A = Kills in this place as a percentage of kills in entire the game.
 B = Kills by you in this place as a percentage of kills by you in the entire game.
 C = Kills by friends in this place as a percentage of kills by friends in the entire game.
 D = Other kills in this place as a percentage of other kills in the entire game.
 E = Experience gained in this place as a percentage of experience gained in the entire game.
 F = Experience gained in this place divided by the number of levels of this place that you have seen.
                   A       B       C       D       E      F
               +-------+-------+-------+-------+-------+----------------------
         Total | 100.0 | 100.0 |   N/A |   N/A | 100.0 |  38.0
       Dungeon | 100.0 | 100.0 |   N/A |   N/A | 100.0 |  38.0
               +-------+-------+-------+-------+-------+----------------------
